Map: [ESL] Hecate

Players

ShoWTimE - Winner!

  • Race: Protoss Protoss
  • League: Diamond
  • Spawn Location: 7:00

Cyan

  • Race: Protoss Protoss
  • Spawn Location: 1:00

Event: IEM Katowice 2024

VOD

Have the link to the VOD?

Description

Time

  • Played on: Feb. 9, 2024, 10:36 a.m.
  • Length: 9:56

All games in this series

Show
View Real Time Build Order
Export as new Build Order

ShoWTimE Protoss - Winner!

Build Orders: Oracle Opening 

Get SALT Encoding   

  12  0:00  Probe  
  13  0:12  Probe  
  14  0:17  Pylon  
  14  0:24  Probe (Chrono Boost)  
  15  0:36  Gateway, Probe (Chrono Boost)  
  16  0:44  Probe (Chrono Boost)  
  16  0:45  Assimilator  
  17  0:51  Probe  
  17  0:54  Assimilator  
  18  1:03  Probe (Chrono Boost)  
  19  1:06  Gateway  
  19  1:13  Probe (Chrono Boost)  
  19  1:17  Probe (Chrono Boost)  
  20  1:23  Cybernetics Core  
  21  1:29  Probe  
  22  1:33  Pylon  
  22  1:41  Probe  
  23  1:53  Probe  
  24  1:59  Warp Gate, Adept x2  
  28  2:05  Probe  
  29  2:11  Pylon  
  29  2:18  Stargate  
  29  2:25  Pylon  
  29  2:30  Adept  
  29  2:36  Adept  
  33  2:39  Probe  
  34  2:51  Probe, Pylon  
  35  2:58  Oracle (Chrono Boost)  
  35  3:04  Probe  
  39  3:12  Stalker x2  
  43  3:17  Shield Battery  
  43  3:31  Robotics Facility  
  43  3:35  Pylon  
  43  3:39  Pylon  
  43  4:06  Sentry, Stalker  
  47  4:16  Immortal (Chrono Boost)  
  46  4:31  Pylon  
  46  4:32  Probe  
  46  4:38  Adept x2  
  51  4:41  Pylon  
  51  4:47  Warp Prism (Chrono Boost)  
  53  5:00  Stalker  
  55  5:10  Gateway  
  55  5:15  Immortal (Chrono Boost)  
  59  5:23  Stalker  
  59  5:26  Pylon  
  61  5:31  Probe  
  62  5:43  Observer (Chrono Boost), Phoenix  
  65  6:01  Probe  
  65  6:02  Pylon  
  66  6:19  Nexus  
  66  6:20  Probe  
  67  6:31  Pylon  
  67  6:33  Probe  
  67  6:36  Twilight Council  
  68  6:41  Stalker x2  
  68  6:45  Probe  
  73  6:49  Shield Battery  
  73  6:57  Probe  
  74  7:03  Gateway  
  74  7:11  Stalker x2  
  74  7:12  Blink (Chrono Boost)  
  78  7:29  Pylon  
  78  7:36  Stalker  
  80  7:46  Stalker  
  80  7:50  Probe  
  80  7:51  Probe  
  84  7:52  Assimilator  
  84  8:00  Stalker  
  84  8:01  Stalker  
  88  8:10  Stalker  
  90  8:17  Pylon  
  90  8:37  Probe x2  
  90  8:38  Stalker x3  
  98  8:45  Observer  
  98  8:48  Nexus  
  99  8:58  Probe x2  
  98  9:05  Stalker x3  
  90  9:29  Stalker x3  
  90  9:45  Gateway  
  89  9:46  Gateway  
  89  9:52  Stalker x3  
Show
View Real Time Build Order
Export as new Build Order

Cyan Protoss 

Build Orders:  

Get SALT Encoding   

  12  0:00  Probe  
  13  0:12  Probe  
  14  0:17  Pylon  
  14  0:24  Probe (Chrono Boost)  
  15  0:36  Probe (Chrono Boost)  
  15  0:38  Gateway  
  16  0:43  Probe (Chrono Boost)  
  16  0:45  Assimilator  
  17  0:51  Probe  
  17  0:53  Assimilator  
  18  1:03  Probe (Chrono Boost)  
  19  1:09  Gateway  
  19  1:13  Probe (Chrono Boost)  
  20  1:18  Probe (Chrono Boost)  
  21  1:25  Cybernetics Core  
  21  1:29  Probe  
  21  1:32  Pylon  
  22  1:41  Probe  
  23  1:53  Probe  
  24  2:01  Stalker x2  
  24  2:02  Warp Gate  
  28  2:10  Pylon  
  29  2:21  Robotics Facility  
  28  2:24  Pylon  
  28  2:31  Stalker  
  30  2:37  Stalker  
  32  2:50  Gateway  
  32  2:58  Shield Battery  
  32  3:03  Stalker  
  34  3:07  Stalker  
  34  3:12  Warp Prism (Chrono Boost)  
  38  3:27  Pylon  
  38  3:33  Pylon  
  38  3:46  Shield Battery  
  38  3:54  Stalker  
  40  4:03  Stalker x2  
  41  4:18  Probe  
  41  4:21  Pylon  
  41  4:23  Stalker  
  42  4:28  Stalker  
  42  4:30  Stalker  
  42  4:31  Stalker  
  46  4:35  Probe  
  47  4:39  Observer  
  48  5:01  Stalker x2  
  48  5:03  Sentry  
  48  5:06  Probe  
  53  5:11  Pylon  
  53  5:18  Probe  
  54  5:23  Stargate  
  54  5:30  Probe  
  55  5:42  Probe  
  56  5:56  Immortal  
  60  6:03  Pylon  
  60  6:07  Pylon  
  60  6:09  Phoenix  
  61  6:29  Immortal  
  61  6:34  Phoenix (Chrono Boost)  
  67  6:45  Pylon  
  67  6:57  Phoenix (Chrono Boost)  
  69  7:10  Observer  
  70  7:18  Nexus  
  70  7:27  Phoenix  
  72  7:41  Pylon  
  72  7:50  Immortal  
  76  7:55  Probe  
  77  8:09  Probe  
  77  8:10  Twilight Council  
  78  8:21  Probe  
  79  8:33  Immortal  
  83  8:38  Probe (Chrono Boost)  
  83  8:40  Probe (Chrono Boost)  
  86  8:49  Probe (Chrono Boost)  
  86  8:51  Probe (Chrono Boost)  
  86  8:54  Probe (Chrono Boost)  
  88  8:57  Probe  
  89  9:06  Assimilator  
  89  9:08  Assimilator  
  89  9:11  Probe  
  89  9:14  Gateway  
  90  9:21  Stalker  
  90  9:23  Stalker  
  80  9:29  Stalker  
  60  9:43  Probe  
  59  9:46  Stalker x2  

Tags
 
Add a new tag
Caveats
  • Supply blocks, unpowered buildings, or Contaminate may cause inaccurate times.
  • Supply counts are checked every 10 seconds.